 Dungeon Crawl Stone Soup version 0.19-a0-376-gf780d9b (webtiles) character file.

225 epen the Magician (level 5, -16/29 HPs)
             Began as a Deep Elf Air Elementalist on May 30, 2016.
             Was an Initiate of Vehumet.
             Demolished by Menkaure (18 damage)
             ... on level 4 of the Dungeon.
             The game lasted 00:06:01 (3453 turns).

epen the Magician (Deep Elf Air Elementalist)       Turns: 3453, Time: 00:06:02

Health: -16/29     AC:  4    Str:  2 (5)  XL:     5   Next: 68%
Magic:  13/13      EV: 13    Int: 20 (21) God:    Vehumet [......]
Gold:   184        SH:  0    Dex: 13 (15) Spells: 4 memorised, 1 level left

rFire  . . .     SeeInvis .     y - +4 quarterstaff (chaos)
rCold  + . .     Gourm    .     a - +0 robe
rNeg   . . .     Faith    .     (shield currently unavailable)
rPois  .         Spirit   .     (no helmet)
rElec  .         Dismiss  .     A - +0 cloak
rCorr  .         Reflect  .     (no gloves)
SustAt .         Harm     .     C - +0 pair of boots
MR     .....     Rnd*Tele +     (no amulet)
Stlth  ++........               q - ring of protection from cold
                                j - ring of teleportation (curse)

@: flying, repel missiles, not resistant to hostile enchantments, unstealthy
A: no striking features
a: Renounce Religion


You were on level 4 of the Dungeon.
You worshipped Vehumet.
Vehumet was noncommittal.
You were not hungry.

You visited 1 branch of the dungeon, and saw 4 of its levels.

You collected 184 gold pieces.

Inventory:

Hand Weapons
 i - a +1 dagger of draining
 y - a +4 quarterstaff of chaos (weapon)
Missiles
 t - 2 throwing nets (quivered)
Armour
 a - a +0 robe (worn)
 A - a +0 cloak (worn)
 C - a +0 pair of boots (worn)
Jewellery
 g - an uncursed ring of stealth
 j - a cursed ring of teleportation (left hand)
 q - a ring of protection from cold (right hand)
Wands
 w - a wand of enslavement (13/24)
 E - a wand of teleportation (5/9)
Scrolls
 k - 3 scrolls of identify {unknown}
 l - a scroll of teleportation {unknown}
 m - 3 scrolls of enchant weapon {unknown}
 o - a scroll of amnesia {unknown}
 p - 2 scrolls of enchant armour {unknown}
 r - 4 scrolls of immolation {unknown}
 u - 2 scrolls of remove curse {unknown}
 x - a scroll of recharging {unknown}
 B - a scroll of noise {unknown}
 D - a scroll of random uselessness {unknown}
Potions
 d - a potion of magic
 e - a potion of heal wounds {unknown}
 h - a potion of agility {unknown}
 n - a potion of flight
 s - a potion of degeneration
 v - a potion of might {unknown}
 G - a potion of curing {unknown}
Books
 b - a book of Air

   Spells                             Type                      Level
   a - Shock                          Conjuration/Air              1
   b - Swiftness                      Charms/Air                   2
   c - Repel Missiles                 Charms/Air                   2
   d - Static Discharge               Conjuration/Air              3
   e - Lightning Bolt                 Conjuration/Air              5
Comestibles
 c - 2 bread rations
 f - a meat ration
 z - 2 fruits
 F - a royal jelly
 H - 3 chunks of flesh


   Skills:
 + Level 1.4 Fighting
 + Level 3.4 Dodging
 - Level 2.4 Stealth
 + Level 4.2 Spellcasting
 * Level 3.5 Conjurations
 * Level 4.0 Air Magic


You had one spell level left.
You knew the following spells:

 Your Spells              Type           Power        Failure   Level  Hunger
a - Shock                 Conj/Air       ###.         2%          1    None
b - Repel Missiles        Chrm/Air       ##....       10%         2    #......
c - Static Discharge      Conj/Air       ###.....     10%         3    ###....
d - Lightning Bolt        Conj/Air       ###.......   82%         5    ######.


Dungeon Overview and Level Annotations

Branches:
Dungeon (4/15)
 Temple: D:4-7

Altars:
Ashenzari
Gozag
Pakellas
Ru
Vehumet

Annotations:
D:4 Menkaure


Message History

You kill the giant gecko!
Vehumet accepts your kill.
Menkaure, Prince of Dust comes into view.
Menkaure calls on the powers of darkness!
Your body is wracked with pain!
Found a scroll labeled YTZOCHAUQIF.
Things that are here:
a giant gecko corpse; a jackal corpse x2
Menkaure hits you!
* * * LOW HITPOINT WARNING * * *
It was a potion of magic.
Magic courses through your body.
It was a potion of flight.
You feel very buoyant.
You fly up into the air.
Menkaure closely misses you.
It was a potion of degeneration.
There was something very wrong with that liquid.
You feel weakened.
You feel dopey.
You feel clumsy. Menkaure hits you!!
Ouch! That really hurt!
You die...

#.. #?#######
#........ #
#........
#.#........
#.###.#........
......M.(...... #
#@#######...
#.###.#†#<...$....
......†.†.........
#.###.#...........
#.###########. #


You could see Menkaure.

Vanquished Creatures
  Crazy Yiuf (D:3)
  4 gnolls
  5 adders
  3 worms (D:2)
  2 dart slugs (D:1)
  4 giant geckos
  8 orcs (D:3)
  6 bats
  3 giant cockroaches
  6 goblins
  7 hobgoblins
  12 jackals
  A quokka (shapeshifter) (D:4)
  3 ball pythons
  4 giant newts
  11 kobolds
  11 rats
91 creatures vanquished.

Notes
Turn   | Place    | Note
--------------------------------------------------------------
     0 | D:1      | epen the Deep Elf Air Elementalist began the quest for the Orb.
     0 | D:1      | Reached XP level 1. HP: 10/10 MP: 6/6
   277 | D:1      | Reached XP level 2. HP: 15/15 MP: 2/8
   283 | D:1      | Learned a level 2 spell: Repel Missiles
   491 | D:1      | Reached XP level 3. HP: 20/20 MP: 1/10
   523 | D:1      | Learned a level 3 spell: Static Discharge
  1027 | D:2      | Found an oddly glowing altar of Pakellas.
  1198 | D:2      | Reached XP level 4. HP: 23/24 MP: 11/11
  1406 | D:2      | Found a radiant altar of Vehumet.
  1432 | D:2      | Reached skill level 1 in Fighting
  1825 | D:2      | Found an opulent altar of Gozag.
  1947 | D:2      | Reached XP level 5. HP: 29/29 MP: 13/13
  2038 | D:2      | Learned a level 5 spell: Lightning Bolt
  2082 | D:3      | Found a shattered altar of Ashenzari.
  2599 | D:3      | Noticed Crazy Yiuf
  2601 | D:3      | Killed Crazy Yiuf
  2790 | D:2      | Became a worshipper of Vehumet
  3382 | D:3      | Found a sacrificial altar of Ru.
  3449 | D:4      | Noticed Menkaure
  3450 | D:4      | HP: 1/29 [Menkaure (12)]
  3453 | D:4      | Demolished by Menkaure

Vault maps used:
D:1:      dpeg_arrival_connections, minmay_unequal
D:2:      nicolae_gozag_cash_rules_everything_around_me,
          nicolae_overflow_hidden_temple, grunt_pakellas_basics
D:3:      lemuel_upstairs_altar, overflow_temple_1_default,
          nicolae_ru_path_of_blood, uniq_crazy_yiuf_cottage
D:4:      minmay_temple_entry_enclosed_plants, first_bread,
          minmay_tree_intersection, uniq_natasha, uniq_menkaure, uniq_edmund

Skill      XL: |  1  2  3  4  5 |
---------------+----------------+-----
Conjurations   | 2 3 |  3.5
Dodging        | 3 |  3.4
Fighting       | 1 |  1.4
Spellcasting   | 4 |  4.2
Air Magic      | 4 |  4.0
Stealth        | |  2.4

Action                   |  1- 3 |  4- 6 || total
-------------------------+-------+-------++-------
Melee: Dagger            |    37 |    55 ||    92
       Quarterstaff      |       |    39 ||    39
 Cast: Shock             |    62 |    35 ||    97
       Repel Missiles    |     1 |       ||     1
       Static Discharge  |     2 |     4 ||     6
  Use: Potion            |       |     3 ||     3
 Stab: Sleeping          |     8 |     5 ||    13
  Eat: Chunk             |     1 |     7 ||     8
Armor: Robe              |     6 |    15 ||    21
Dodge: Dodged            |    25 |    84 ||   109
       Deflected         |       |     1 ||     1
